 Dungeon Crawl Stone Soup version 0.32-a0-131-g9dbbe29261 (webtiles) character file.

Game seed: 13005807413687904469

146 zeratav the Sneak (level 5, -6/36 HPs)
             Began as an Octopode Shapeshifter on Feb 8, 2024.
             Mangled by a gnoll
             ... wielding a +4 spear
             ... led by a gnoll sergeant
              (8 damage)
             ... on level 3 of the Dungeon.
             The game lasted 00:02:37 (1957 turns).

zeratav the Sneak (Octopode Shapeshifter)           Turns: 1957, Time: 00:02:38

Health: -6/36      AC:  1    Str: 15    XL:     5   Next: 28%
Magic:  5/5        EV: 13    Int: 13    God:
Gold:   117        SH:  5    Dex: 15    Spells: 4/4 levels left

rFire   . . .        k - +4 whip of Collusion {spect, Dex+4, mace}
rCold   . . .        (no shield)
rNeg    + . .        (helmet currently unavailable)
rPois   .            s - amulet of reflection
rElec   .            p - ring of positive energy
rCorr   .            (no ring)
SInv    .            (no ring)
Will    .....        (no ring)
Stlth   ++++         (no ring)
HPRegen 0.26/turn    (no ring)
MPRegen 0.09/turn    (no ring)
                     (no ring)

%: reflection
@: beast-form
A: beast (slay +1), almost no armour, amphibious, 8 rings, camouflage 1,
gelatinous body 1, (nimble swimmer 1), tentacles
a: Begin Untransformation


You were on level 3 of the Dungeon.
You were a hulking beast.
You visited 1 branch of the dungeon, and saw 3 of its levels.

You collected 117 gold pieces.


Innate Abilities, Weirdness & Mutations

You are a hulking beast.
Your limbs bulge with bestial killing power. (Slay +1)
You cannot wear most types of armour.
You are amphibious.
You can wear up to eight rings at the same time.
Your skin changes colour to match your surroundings (Stealth+).
Your rubbery body absorbs attacks. (AC +1, EV +1)
((You are camouflaged when in or above water. (Stealth+)))
You have tentacles for arms and can constrict up to eight enemies at once.


   Skills:
 + Level 3.4 Fighting
 - Level 2.0 Dodging
 - Level 5.0 Stealth
 - Level 3.0 Unarmed Combat
 - Level 3.0 Shapeshifting


You had 4 spell levels left.
You didn't know any spells.
Your spell library contained the following spells:

 Spells                   Type           Power      Damage    Failure   Level
 Leda's Liquefaction      Alch/Erth      0%         N/A       97%         4
 Lee's Rapid Deconstruct  Erth           0%         3d4*      100%        5
 Bombard                  Conj/Erth      0%         9d1       100%        6

Inventory:

Hand Weapons
 k - the +4 whip of Collusion (weapon) {spect, Dex+4, mace}
   (You found it on level 2 of the Dungeon)

   Dex+4:     It affects your dexterity (+4).
Jewellery
 p - a ring of positive energy (left tentacle)
   (You found it on level 2 of the Dungeon)
 s - an amulet of reflection (around mantle)
   (You found it on level 3 of the Dungeon)
Talismans
 b - a beast talisman
 c - a flux talisman
Scrolls
 d - a scroll of noise {unknown}
 f - a scroll of poison {unknown}
 g - 2 scrolls of enchant armour {unknown}
 h - 2 scrolls of fog {unknown}
 i - a scroll of amnesia {unknown}
 j - 3 scrolls of identify {unknown}
 n - a scroll of torment {unknown}
 q - a scroll of enchant weapon {unknown}
Potions
 a - 2 potions of lignification {!q}
 e - a potion of heal wounds {unknown}
 l - a potion of cancellation {unknown}
 m - a potion of berserk rage {unknown}
 o - 3 potions of curing {unknown}
 r - a potion of mutation {unknown}
 t - a potion of ambrosia {unknown}
 u - a potion of resistance {unknown}

Dungeon Overview and Level Annotations

Branches:
Dungeon (3/15) Zot: 16040

Altars:
Dithmenos
Elyvilon
Fedhas

Shops:
D:2

( #..........#
#..........# #.......?..#
#....).....# .
#########..........# #
...................#
.....(.............######
........................#
###
.....rggh.####...!......#
#<## ......gSg##
##.........# ...#
......g..# #.........#
.♣.# .......g...
#.........# ...#
..........## #.........#
#.## ....#####.#
#.........# #'#######...
#.# #.........#
...##...##. #.#
#.####'###### .♣....♣.<#
..#.# #.##...#


You could see a gnoll sergeant, 5 gnolls, an adder and a rat.


Message History

You open the door.
There is an open door here.
u - a bubbling coppery potion
There is a stone staircase leading down here.
There is an open door here.
o - 3 lumpy amethyst potions (gained 1)
There is an open door here.
A ribbon worm comes into view.
A ribbon worm is nearby!
A ribbon worm is nearby!
There is an open door here.
The helpless ribbon worm fails to defend itself.
You whack the ribbon worm! You grab the ribbon worm.
Your +4 whip of Collusion {spect, Dex+4, mace} hits the ribbon worm.
You constrict the ribbon worm. The ribbon worm closely misses you.
You hit the ribbon worm.
Your +4 whip of Collusion {spect, Dex+4, mace} hits the ribbon worm.
You constrict the ribbon worm.
You kill the ribbon worm!
No target in view!
No target in view!
No target in view!
No target in view!
No target in view!
No target in view!
No target in view!
No target in view!
No target in view!
No target in view!
No target in view!
No target in view!
No target in view!
No target in view!
No target in view!
Your +4 whip of Collusion {spect, Dex+4, mace} disappears.
A goblin comes into view. It is wielding a +0 dagger.
A goblin is nearby!
A goblin is nearby!
The helpless goblin fails to defend itself.
You hit the goblin.
You kill the goblin! 2 gnolls come into view.
A gnoll sergeant and a gnoll come into view.
A gnoll comes into view. It is wielding a +0 flail.
A gnoll comes into view. It is wielding a +0 club.
The gnoll sergeant shouts!
The gnoll shouts!
The hobgoblin shouts!
The gnoll shouts!
A rat comes into view.
The gnoll shouts!
The rat squeaks loudly.
You hear an angry hiss.
The gnoll shouts! x2
You hit the hobgoblin but do no damage. You grab the hobgoblin.
Your +4 whip of Collusion {spect, Dex+4, mace} hits the hobgoblin!
You kill the hobgoblin!
An adder comes into view.
The gnoll closely misses you. You block the gnoll's attack.
Your +4 whip of Collusion {spect, Dex+4, mace} disappears.
The gnoll barely misses you. You block the gnoll's attack.
The gnoll sergeant barely misses you.
Things that are here:
22 gold pieces; 4 stones {throwing} You hit the gnoll sergeant.
You grab the gnoll sergeant.
Your +4 whip of Collusion {spect, Dex+4, mace} hits the gnoll sergeant.
You constrict the gnoll sergeant, but do no damage.
The gnoll hits you from afar with a +0 halberd!
You block the gnoll's attack. The gnoll barely misses you.
The gnoll sergeant barely misses you.
HP[-9]
You take 9 damage, and now have 27/36 hp.
MASSIVE DAMAGE!! (PAUSE)
You hit the gnoll sergeant but do no damage.
Your +4 whip of Collusion {spect, Dex+4, mace} hits the gnoll sergeant but does no damage.
You constrict the gnoll sergeant, but do no damage.
The gnoll sergeant hits you with a +0 spear!
The gnoll completely misses your +4 whip of Collusion {spect, Dex+4, mace}.
The gnoll hits you from afar with a +0 halberd.
* * * LOW HITPOINT WARNING * * *
The gnoll completely misses you. The gnoll hits you with a +4 spear!
* * * LOW HITPOINT WARNING * * *
You are too injured to fight recklessly!
You are too injured to fight recklessly!
You are too injured to fight recklessly!
You are too injured to fight recklessly!
HP[-22]
You take 22 damage, and now have 5/36 hp.
MASSIVE DAMAGE!! (PAUSE)
You are too injured to fight recklessly!
You are too injured to fight recklessly!
You are too injured to fight recklessly!
You are too injured to fight recklessly!
You are too injured to fight recklessly!
You are too injured to fight recklessly!
You are too injured to fight recklessly!
You are too injured to fight recklessly!
You are too injured to fight recklessly!
You release your grip on the gnoll sergeant.
Your +4 whip of Collusion {spect, Dex+4, mace} disappears.
The gnoll sergeant hits you from afar with a +0 spear.
* * * LOW HITPOINT WARNING * * *
The gnoll hits you with a +4 spear!
You die...

Skill      XL: |  1  2  3  4  5 |
---------------+----------------+-----
Stealth        | 2 4 5 |  5.0
Fighting       | 2 3 |  3.4
Dodging        | |  2.0
Unarmed Combat | |  3.0
Shapeshifting  | |  3.0

Action                     |  1- 3 |  4- 6 || total
---------------------------+-------+-------++-------
  Melee: Unarmed           |    33 |       ||    33
         Tentacles         |     7 |     8 ||    15
         Constrict         |    11 |    11 ||    22
         Punch             |     2 |     2 ||     4
         Whip              |    10 |    38 ||    48
   Stab: Sleeping          |    14 |     8 ||    22
 Armour: Skin              |    14 |    17 ||    31
  Dodge: Dodged            |    14 |    19 ||    33
  Block: Other             |       |     5 ||     5
         Reflection        |       |     1 ||     1

Levels and vault maps discovered:
D:1:      sevenhm_arrival_forest_fort_large_4, layout_loops_corners,
          basic_ecumenical_altar
D:2:      layout_rooms, serial_shops, shop, basic_altar
D:3:      layout_basic, nicolae_dithmenos_the_darkroom,
          mainiacjoe_overflow_concentric_impassable, grunt_ministairs_5,
          st_stairs_4

Notes
Turn   | Place    | Note
-------+----------+-------------------------------------------
     0 | D:1      | zeratav the Octopode Shapeshifter began the quest for the
                  | Orb.
     0 | D:1      | Reached XP level 1. HP: 13/13 MP: 1/1
     0 | D:1      | magus.rc [v1.9.6]
   112 | D:1      | Reached skill level 1 in Stealth
   209 | D:1      | Reached skill level 2 in Stealth
   238 | D:1      | Reached XP level 2. HP: 14/18 MP: 2/2
   465 | D:1      | You pick up a book of the Earth and begin reading...
   465 | D:1      | You add the spells Leda's Liquefaction, Lee's Rapid
                  | Deconstruction and Bombard to your library.
   567 | D:1      | Reached skill level 3 in Stealth
   802 | D:1      | Found a faded altar of an unknown god.
  1051 | D:2      | Reached skill level 4 in Stealth
  1051 | D:2      | Reached XP level 3. HP: 23/23 MP: 3/3
  1069 | D:2      | Identified the +4 whip of Collusion {spect, Dex+4}
  1109 | D:2      | HP: 4/23 [gnoll/+0 spear (2)]
  1110 | D:2      | Reached skill level 5 in Stealth
  1115 | D:2      | Reached XP level 4. HP: 7/28 MP: 4/4
  1280 | D:2      | Reached skill level 2 in Fighting
  1299 | D:2      | Found Goteghydoo's Weapon Emporium.
  1317 | D:2      | Found a white marble altar of Elyvilon.
  1508 | D:3      | Reached XP level 5. HP: 26/36 MP: 5/5
  1511 | D:3      | Reached skill level 3 in Fighting
  1667 | D:3      | Found a shadowy altar of Dithmenos.
  1733 | D:3      | Found a blossoming altar of Fedhas.
  1956 | D:3      | HP: 5/36 [gnoll/+4 spear[a gnoll sergeant] (8)]
  1957 | D:3      | HP: 2/36 [gnoll sergeant/+0 spear (3)]
  1957 | D:3      | Mangled by a gnoll

Vanquished Creatures
  An orc wizard (D:3)
  3 gnolls (D:2)
  3 adders
  A ribbon worm (D:3)
  A dart slug (D:2)
  3 orcs (D:3)
  6 endoplasms
  A giant cockroach (D:1)
  4 hobgoblins
  2 jackals (D:2)
  4 quokkas
  2 ball pythons (D:3)
  3 bats
  3 frilled lizards
  8 goblins
  5 kobolds
  6 rats
56 creatures vanquished.

Table legend:
 A = Non-vault XP
 B = Vault XP
 C = Vault XP percentage of total XP
 D = Non-vault monster count
 E = Vault monster count
 F = Vault count percentage of total count
                 A         B        C        D         E       F
            +---------+---------+-------+---------+---------+-------
      Total |     149 |      60 |  28.7 |      49 |       7 |  12.5
            +---------+---------+-------+---------+---------+-------
        D:1 |      30 |       0 |   0.0 |      19 |       0 |   0.0
        D:2 |      98 |       0 |   0.0 |      19 |       0 |   0.0
        D:3 |      21 |      60 |  74.1 |      11 |       7 |  38.9
            +---------+---------+-------+---------+---------+-------

Skill      XL: |  1  2  3  4  5 |
---------------+----------------+-----
Stealth        | 2 4 5 |  5.0
Fighting       | 2 3 |  3.4
Dodging        | |  2.0
Unarmed Combat | |  3.0
Shapeshifting  | |  3.0

Action                     |  1- 3 |  4- 6 || total
---------------------------+-------+-------++-------
  Melee: Unarmed           |    33 |       ||    33
         Tentacles         |     7 |     8 ||    15
         Constrict         |    11 |    11 ||    22
         Punch             |     2 |     2 ||     4
         Whip              |    10 |    38 ||    48
   Stab: Sleeping          |    14 |     8 ||    22
 Armour: Skin              |    14 |    17 ||    31
  Dodge: Dodged            |    14 |    19 ||    33
  Block: Other             |       |     5 ||     5
         Reflection        |       |     1 ||     1

Illustrated notes

Table legend:
 A = Kills in this place as a percentage of kills in the entire game.
 B = Kills by you in this place as a percentage of kills by you in the entire game.
 C = Kills by friends in this place as a percentage of kills by friends in the entire game.
 D = Other kills in this place as a percentage of other kills in the entire game.
 E = Experience gained in this place as a percentage of experience gained in the entire game.
 F = Experience gained in this place divided by the number of levels of this place that you have seen.
                   A       B       C       D       E      F
               +-------+-------+-------+-------+-------+----------------------
         Total | 100.0 | 100.0 |   N/A |   N/A | 100.0 |  69.7
       Dungeon | 100.0 | 100.0 |   N/A |   N/A | 100.0 |  69.7
               +-------+-------+-------+-------+-------+----------------------

Table legend: (Time is in decaauts)
 A = Elapsed time spent in this place.
 B = Non-inter-level travel time spent in this place.
 C = Inter-level travel time spent in this place.
 D = Time resting spent in this place.
 E = Time spent auto-exploring this place.
 F = Levels seen in this place.
 G = Mean time per level.
                   A        B        C        D        E       F      G
               +--------+--------+--------+--------+--------+-----+--------+
         Total |   1958 |   1876 |     82 |      0 |   1521 |   3 |  652.7 |
       Dungeon |   1958 |   1876 |     82 |      0 |   1521 |   3 |  652.7 |
               +--------+--------+--------+--------+--------+-----+--------+

Top non-repeatable levels by time:
     D:1: 1006 daAuts
     D:2: 484 daAuts
     D:3: 467 daAuts
